 Dungeon Crawl Stone Soup version 0.29-a0-380-gf50f0a9fbc (webtiles) character file.

Game seed: 6136413634766933483

905 spaghetti the Cudgeller (level 8, -11/67 HPs)
             Began as a Gnoll Cinder Acolyte on May 5, 2022.
             Was a Priest of Ignis.
             Mangled by an ogre
             ... wielding a +0 giant club
              (17 damage)
             ... on level 5 of the Dungeon.
             The game lasted 00:09:55 (5191 turns).

spaghetti the Cudgeller (Gnoll Cinder Acolyte)      Turns: 5191, Time: 00:09:55

Health: -11/67     AC:  3    Str: 21    XL:     8   Next: 8%
Magic:  23/23      EV: 12    Int: 15    God:    Ignis [***...]
Gold:   304        SH:  0    Dex:  7    Spells: 13/15 levels left

rFire   + . .      SeeInvis .   p - +4 quarterstaff (chaos) {staff}
rCold   . . .      Faith    .   (shield currently unavailable)
rNeg    . . .      Spirit   .   b - +0 robe
rPois   .          Reflect  .   (no helmet)
rElec   .          Harm     .   d - +0 cloak
rCorr   .          Rampage  .   (no gloves)
Will    .....                   (no boots)
Stlth   ++........              (no amulet)
HPRegen 0.21/turn               w - ring of magical power
MPRegen 0.18/turn               v - +6 ring of strength

@: no status effects
A: fangs 1, strong nose, distributed training
a: Renounce Religion, Fiery Armour, Foxfire Swarm, Rising Flame


You were on level 5 of the Dungeon.
You worshipped Ignis.
Ignis was most pleased with you.
You visited 1 branch of the dungeon, and saw 5 of its levels.

You collected 304 gold pieces.


Innate Abilities, Weirdness & Mutations

You have very sharp teeth.
Your uncanny sense of smell can sniff out nearby items.
Your experience applies equally to all skills.


   Skills:
 + Level 7.2 Fighting
 + Level 2.9 Short Blades
 + Level 2.9 Long Blades
 + Level 2.9 Axes
 + Level 7.2 Maces & Flails
 + Level 2.9 Polearms
 + Level 2.9 Staves
 + Level 2.9 Slings
 + Level 2.9 Bows
 + Level 2.9 Crossbows
 + Level 2.9 Throwing
 + Level 2.9 Armour
 + Level 2.9 Dodging
 + Level 2.9 Stealth
 + Level 2.9 Shields
 + Level 2.9 Unarmed Combat
 + Level 4.1 Spellcasting
 + Level 2.3 Conjurations
 + Level 2.3 Hexes
 + Level 2.3 Summonings
 + Level 2.3 Necromancy
 + Level 2.3 Translocations
 + Level 2.3 Transmutations
 + Level 6.0 Fire Magic
 + Level 2.3 Ice Magic
 + Level 2.3 Air Magic
 + Level 2.3 Earth Magic
 + Level 2.3 Poison Magic
 + Level 3.2 Invocations
 + Level 2.9 Evocations


You had 13 spell levels left.
You knew the following spells:

 Your Spells              Type           Power      Damage    Failure   Level
a - Scorch                Fire           42%        2d7       2%          2

Your spell library contained the following spells:

 Spells                   Type           Power      Damage    Failure   Level
 Ensorcelled Hibernation  Hex/Ice        20%        N/A       10%         2
 Spider Form              Tmut/Pois      10%        N/A       21%         3
 Anguish                  Hex/Necr       5%         N/A       54%         4

Inventory:

Hand Weapons
 m - a +2 mace of holy wrath {mace}
   (You found it on level 2 of the Dungeon)
 p - a +4 quarterstaff of chaos (weapon) {staff}
   (You took it off Crazy Yiuf on level 2 of the Dungeon)
Missiles
 i - 3 throwing nets {=f!fthrowing}
 j - 6 poisoned darts {throwing}
 o - 50 stones (quivered) {throwing}
Armour
 b - a +0 robe (worn)
 d - a +0 cloak (worn)
   (You found it on level 1 of the Dungeon)
Jewellery
 g - a ring of positive energy
   (You found it on level 5 of the Dungeon)
 q - a ring of see invisible
   (You found it on level 3 of the Dungeon)
 v - a +6 ring of strength (right hand)
   (You found it on level 4 of the Dungeon)
 w - a ring of magical power (left hand)
   (You found it on level 4 of the Dungeon)
Scrolls
 e - 2 scrolls of immolation {!r!r}
 f - a scroll of teleportation {@r4}
 h - a scroll of enchant armour
 k - a scroll of amnesia
 s - a scroll of poison {!r}
 u - a scroll of vulnerability {unknown}
Potions
 a - a potion of flight {unknown}
 c - 4 potions of curing {unknown}
 n - a potion of cancellation {unknown}
 r - a potion of mutation {unknown}
 t - 2 potions of degeneration {unknown}

Dungeon Overview and Level Annotations

Branches:
Dungeon (5/15)
 Temple: D:4-7

Altars:
Elyvilon
Makhleb
Nemelex Xobeh

Annotations:
D:3 2 runed translucent doors, bastard's ghost, amateur TeCj

#.#...#)..#.#
#.§#..#..#...
#§§§#.#.#....
#####§§..###.....
#§§§§§...........
#§§§###.......###
##§§#.#.#.....#.#.
#§§#..#..#...#..#.
#@#...#...#.#...#.
#O################
*#o#**,,,,* *,**,*
*§h#,,,,,,** *,,,,,
*************§##,,,,,,,*
*,**,*
*<,,,,,,,,,,h§,,,,_,,*,*
*,**,*
*,*****,*,,,§§*,,,,,,*,*
*,**,*
*,**,,,,,,,§#§,,,,,,,*,*
*,,,,#
*,**,**,*,,,,,*,,**,,*,*
****,.


You could see 2 black bears, an ogre (berserk) and an orc wizard.


Message History

o - 53 stones {throwing} (gained 1)
o - 54 stones {throwing} (gained 1) Key pressed, stopping explore.
o - 56 stones {throwing} (gained 2) Key pressed, stopping explore.
An ogre comes into view. It is wielding a +0 giant club.
The ogre moves out of view. 😎 HP[+25]
Your hp is fully restored (67).
An orc comes into view. It is wielding a +0 dagger.
An orc is nearby!
You throw a stone {throwing}.
The stone {throwing} hits the orc but does no damage.
The orc shouts!
An orc priest comes into view. It is wielding a +0 hand axe.
You throw a stone {throwing}. The ogre shouts!
The orc priest shouts!
The stone {throwing} hits the orc.
You hear an angry growl.
You hear a shout!
You throw a stone {throwing}.
The stone {throwing} barely misses the orc priest.
You throw a stone {throwing}. The stone {throwing} hits the orc.
You throw a stone {throwing}. The stone {throwing} hits the orc.
You throw a stone {throwing}.
The stone {throwing} barely misses the orc.
You barely miss the orc. The orc hits you but does no damage.
You barely miss the orc. The orc barely misses you.
You sock the orc! You freeze the orc.
You kill the orc!
An orc wizard comes into view. It is wielding a +0 dagger.
You closely miss the orc priest.
The orc priest hits you with a +0 hand axe.
You are too injured to fight recklessly! 😕 HP[-4]
You take 4 damage, and now have 63/67 hp.
You are too injured to fight recklessly!
You are too injured to fight recklessly!
You are too injured to fight recklessly!
You are too injured to fight recklessly!
You are too injured to fight recklessly!
You are too injured to fight recklessly!
You are too injured to fight recklessly!
You are too injured to fight recklessly!
You are too injured to fight recklessly!
You are too injured to fight recklessly!
You are too injured to fight recklessly!
You are too injured to fight recklessly!
You are too injured to fight recklessly!
You are too injured to fight recklessly!
You are too injured to fight recklessly!
You are too injured to fight recklessly!
You are too injured to fight recklessly!
You are too injured to fight recklessly!
You are too injured to fight recklessly!
Unknown command.
You hit the orc priest. You freeze the orc priest.
A black bear comes into view.
The orc priest hits you with a +0 hand axe. 😕 HP[-6]
You take 6 damage, and now have 57/67 hp.
The black bear growls angrily.
You sock the orc priest!
You kill the orc priest!
The ogre hits you with a +0 giant club! 😮 HP[-15]
You take 15 damage, and now have 42/67 hp.
MASSIVE DAMAGE!! (PAUSE) Unknown command.
You hit the ogre.
You feel better.
Your bite misses the ogre. 😮 HP[+5]
You regained 5 hp, and now have 47/67 hp.
You hit the ogre. You burn the ogre. You bite the ogre.
The ogre closely misses you.
You barely miss the ogre.
The ogre hits you with a +0 giant club!!
* * * LOW HITPOINT WARNING * * *
😨 HP[-26]
You take 26 damage, and now have 21/67 hp.
MASSIVE DAMAGE!! (PAUSE) Unknown command.
You thump the ogre!
The ogre goes berserk!
The ogre hits you with a +0 giant club!
* * * LOW HITPOINT WARNING * * *
A black bear comes into view. 😱 HP[-16]
You take 16 damage, and now have 5/67 hp.
MASSIVE DAMAGE!! (PAUSE) Unknown command.
Okay, then.
Okay, then.
You aren't carrying any items that you can evoke.
As you read the scroll labelled VODOL IDEGAZ, it crumbles to dust.
You feel aware of your surroundings.
You sensed 1 altar.
It was a scroll of magic mapping.
The ogre misses you. 😱 HP[+1]
The air fills with toxic fumes!
As you read the scroll labelled EWNUETZ LATWA, it crumbles to dust.
It was a scroll of poison.
The ogre hits you with a +0 giant club!
You die...

Skill      XL: |  1  2  3  4  5  6  7 |
---------------+----------------------+-----
Invocations    | 1 2 3 |  3.2
Short Blades   | 1 2 |  2.9
Long Blades    | 1 2 |  2.9
Axes           | 1 2 |  2.9
Polearms       | 1 2 |  2.9
Staves         | 1 2 |  2.9
Slings         | 1 2 |  2.9
Bows           | 1 2 |  2.9
Crossbows      | 1 2 |  2.9
Throwing       | 1 2 |  2.9
Armour         | 1 2 |  2.9
Dodging        | 1 2 |  2.9
Stealth        | 1 2 |  2.9
Shields        | 1 2 |  2.9
Unarmed Combat | 1 2 |  2.9
Evocations     | 1 2 |  2.9
Spellcasting   | 3 4 |  4.1
Conjurations   | 1 2 |  2.3
Hexes          | 1 2 |  2.3
Summonings     | 1 2 |  2.3
Necromancy     | 1 2 |  2.3
Translocations | 1 2 |  2.3
Transmutations | 1 2 |  2.3
Ice Magic      | 1 2 |  2.3
Air Magic      | 1 2 |  2.3
Earth Magic    | 1 2 |  2.3
Poison Magic   | 1 2 |  2.3
Fighting       | 7 |  7.2
Maces & Flails | 7 |  7.2
Fire Magic     | 6 |  6.0

Action                   |  1- 3 |  4- 6 |  7- 9 || total
-------------------------+-------+-------+-------++-------
Melee: Mace              |    96 |    68 |       ||   164
       Bite              |     4 |     8 |     4 ||    16
       Punch             |       |     1 |       ||     1
       Quarterstaff      |       |    45 |    52 ||    97
Throw: Throwing net      |       |     2 |       ||     2
       Stone             |       |    55 |    45 ||   100
 Cast: Scorch            |    14 |     4 |       ||    18
Invok: Foxfire Swarm     |       |     3 |     2 ||     5
  Use: Potion            |       |     1 |       ||     1
       Scroll            |       |     4 |     4 ||     8
 Stab: Held in net/web   |       |     2 |       ||     2
       Sleeping          |       |     1 |     1 ||     2
       Confused          |       |       |     1 ||     1
Armor: Robe              |    38 |    30 |     8 ||    76
Dodge: Dodged            |    58 |    61 |    20 ||   139

Levels and vault maps discovered:
D:1:      minmay_arrival_arboretum_small, layout_rooms,
          ebering_ecumenical_altar_hall, minmay_misc_feat_hallway,
          minmay_pentomino_r4
D:2:      layout_rooms, serial_bayou_pond_a, uniq_crazy_yiuf_cottage
D:3:      layout_loops_ring, nemelex_spade_bored_becter, lightli_temple_of_fire,
          ebering_ghost_sewer_f, wad_rectangle_vault
D:4:      minmay_angry_zag, layout_cave_pools, elyvilon_altar_4, corner_web_ring
D:5:      layout_loops_cross, trog_ov_bears_minmay, dreamdust_mushroom_princess,
          hangedman_decor_diamond_cutter, uniq_eustachio

Notes
Turn   | Place    | Note
-------+----------+-------------------------------------------
     0 | D:1      | spaghetti the Gnoll Cinder Acolyte began the quest for the
                  | Orb.
     0 | D:1      | Reached XP level 1. HP: 23/23 MP: 4/4
     0 | D:1      | magus.rc [v1.9.6]
   284 | D:1      | Reached XP level 2. HP: 27/29 MP: 5/5
   296 | D:1      | Learned a level 2 spell: Scorch
   882 | D:1      | Found a faded altar of an unknown god.
   895 | D:1      | Reached XP level 3. HP: 34/35 MP: 7/7
   995 | D:2      | Reached skill level 1 in Invocations
  1155 | D:2      | Found a runed translucent door.
  1156 | D:2      | Noticed Crazy Yiuf
  1208 | D:2      | Reached skill level 1 in Short Blades
  1208 | D:2      | Reached skill level 1 in Long Blades
  1208 | D:2      | Reached skill level 1 in Axes
  1208 | D:2      | Reached skill level 1 in Polearms
  1208 | D:2      | Reached skill level 1 in Staves
  1208 | D:2      | Reached skill level 1 in Slings
  1208 | D:2      | Reached skill level 1 in Bows
  1208 | D:2      | Reached skill level 1 in Crossbows
  1208 | D:2      | Reached skill level 1 in Throwing
  1208 | D:2      | Reached skill level 1 in Armour
  1208 | D:2      | Reached skill level 1 in Dodging
  1208 | D:2      | Reached skill level 1 in Stealth
  1208 | D:2      | Reached skill level 1 in Shields
  1208 | D:2      | Reached skill level 1 in Unarmed Combat
  1208 | D:2      | Reached skill level 1 in Evocations
  1258 | D:2      | Reached XP level 4. HP: 38/41 MP: 5/8
  1347 | D:2      | Reached skill level 3 in Spellcasting
  1357 | D:2      | Reached skill level 1 in Conjurations
  1357 | D:2      | Reached skill level 1 in Hexes
  1357 | D:2      | Reached skill level 1 in Summonings
  1357 | D:2      | Reached skill level 1 in Necromancy
  1357 | D:2      | Reached skill level 1 in Translocations
  1357 | D:2      | Reached skill level 1 in Transmutations
  1357 | D:2      | Reached skill level 1 in Ice Magic
  1357 | D:2      | Reached skill level 1 in Air Magic
  1357 | D:2      | Reached skill level 1 in Earth Magic
  1357 | D:2      | Reached skill level 1 in Poison Magic
  1636 | D:2      | Reached XP level 5. HP: 22/47 MP: 9/9
  2200 | D:4      | Noticed an ogre
  2294 | D:3      | Found a runed translucent door.
  2405 | D:2      | Killed Crazy Yiuf
  2406 | D:2      | Reached skill level 2 in Invocations
  2406 | D:2      | Reached XP level 6. HP: 43/53 MP: 10/10
  2778 | D:3      | Found a sparkling altar of Nemelex Xobeh.
  2825 | D:3      | Found a burning altar of Makhleb.
  2843 | D:3      | Noticed bastard's ghost (amateur TeCj)
  2872 | D:3      | Found a runed translucent door.
  3373 | D:4      | Reached skill level 2 in Short Blades
  3373 | D:4      | Reached skill level 2 in Long Blades
  3373 | D:4      | Reached skill level 2 in Axes
  3373 | D:4      | Reached skill level 2 in Polearms
  3373 | D:4      | Reached skill level 2 in Staves
  3373 | D:4      | Reached skill level 2 in Slings
  3373 | D:4      | Reached skill level 2 in Bows
  3373 | D:4      | Reached skill level 2 in Crossbows
  3373 | D:4      | Reached skill level 2 in Throwing
  3373 | D:4      | Reached skill level 2 in Armour
  3373 | D:4      | Reached skill level 2 in Dodging
  3373 | D:4      | Reached skill level 2 in Stealth
  3373 | D:4      | Reached skill level 2 in Shields
  3373 | D:4      | Reached skill level 2 in Unarmed Combat
  3373 | D:4      | Reached skill level 2 in Evocations
  3673 | D:4      | Reached skill level 7 in Fighting
  3673 | D:4      | Reached skill level 7 in Maces & Flails
  3673 | D:4      | Reached XP level 7. HP: 60/60 MP: 12/12
  3697 | D:4      | Reached skill level 2 in Conjurations
  3697 | D:4      | Reached skill level 2 in Hexes
  3697 | D:4      | Reached skill level 2 in Summonings
  3697 | D:4      | Reached skill level 2 in Necromancy
  3697 | D:4      | Reached skill level 2 in Translocations
  3697 | D:4      | Reached skill level 2 in Transmutations
  3697 | D:4      | Reached skill level 2 in Ice Magic
  3697 | D:4      | Reached skill level 2 in Air Magic
  3697 | D:4      | Reached skill level 2 in Earth Magic
  3697 | D:4      | Reached skill level 2 in Poison Magic
  3985 | D:4      | HP: 14/60 [gnoll/+0 spear[a gnoll shaman] (5)]
  3987 | D:4      | HP: 5/60 [gnoll/+0 spear[a gnoll shaman] (4)]
  4466 | D:4      | Found a white marble altar of Elyvilon.
  4547 | D:5      | Entered Level 5 of the Dungeon
  4564 | D:5      | Reached skill level 4 in Spellcasting
  4564 | D:5      | Reached skill level 3 in Invocations
  5013 | D:5      | Reached skill level 6 in Fire Magic
  5013 | D:5      | Reached XP level 8. HP: 40/67 MP: 14/14
  5023 | D:5      | You pick up a book of Dreams and begin reading...
  5023 | D:5      | You add the spells Ensorcelled Hibernation, Spider Form and
                  | Anguish to your library.
  5189 | D:5      | HP: 5/67 [ogre/+0 giant club (16)]
  5191 | D:5      | Mangled by an ogre

Vanquished Creatures
  An ice beast (D:4)
  An ogre (D:4)
  3 phantoms
  A scorpion (D:4)
  An orc priest (D:5)
  An iguana (D:4)
  Crazy Yiuf (D:2)
  A gnoll shaman (D:4)
  2 orc wizards (D:3)
  14 gnolls
  3 adders
  3 worms
  4 dart slugs
  5 orcs
  6 ball pythons
  5 endoplasms
  5 giant cockroaches
  10 goblins
  6 hobgoblins
  10 jackals
  8 kobolds
  3 quokkas
  9 bats
  4 frilled lizards
  5 rats
112 creatures vanquished.

Vanquished Creatures (others)
  A quokka (D:4)
  77 foxfires
78 creatures vanquished.

Grand Total: 190 creatures vanquished

Table legend:
 A = Non-vault XP
 B = Vault XP
 C = Vault XP percentage of total XP
 D = Non-vault monster count
 E = Vault monster count
 F = Vault count percentage of total count
                 A         B        C        D         E       F
            +---------+---------+-------+---------+---------+-------
      Total |     950 |     344 |  26.6 |      97 |      15 |  13.4
            +---------+---------+-------+---------+---------+-------
        D:1 |      30 |       5 |  14.3 |      17 |       3 |  15.0
        D:2 |     172 |      39 |  18.5 |      32 |       1 |   3.0
        D:3 |     137 |      14 |   9.3 |      24 |       6 |  20.0
        D:4 |     332 |     286 |  46.3 |      19 |       5 |  20.8
        D:5 |     279 |       0 |   0.0 |       5 |       0 |   0.0
            +---------+---------+-------+---------+---------+-------

Illustrated notes

Table legend:
 A = Kills in this place as a percentage of kills in entire the game.
 B = Kills by you in this place as a percentage of kills by you in the entire game.
 C = Kills by friends in this place as a percentage of kills by friends in the entire game.
 D = Other kills in this place as a percentage of other kills in the entire game.
 E = Experience gained in this place as a percentage of experience gained in the entire game.
 F = Experience gained in this place divided by the number of levels of this place that you have seen.
                   A       B       C       D       E      F
               +-------+-------+-------+-------+-------+----------------------
         Total | 100.0 | 100.0 |   N/A |   N/A | 100.0 | 258.8
       Dungeon | 100.0 | 100.0 |   N/A |   N/A | 100.0 | 258.8
               +-------+-------+-------+-------+-------+----------------------

Table legend: (Time is in decaauts)
 A = Elapsed time spent in this place.
 B = Non-inter-level travel time spent in this place.
 C = Inter-level travel time spent in this place.
 D = Time resting spent in this place.
 E = Time spent auto-exploring this place.
 F = Levels seen in this place.
 G = Mean time per level.
                   A        B        C        D        E       F      G
               +--------+--------+--------+--------+--------+-----+--------+
         Total |   5219 |   5079 |    140 |   1051 |   3232 |   5 | 1043.8 |
       Dungeon |   5219 |   5079 |    140 |   1051 |   3232 |   5 | 1043.8 |
               +--------+--------+--------+--------+--------+-----+--------+

Top non-repeatable levels by time:
     D:4: 1329 daAuts
     D:3: 1231 daAuts
     D:2: 1034 daAuts
     D:1: 976 daAuts
     D:5: 647 daAuts
